Unix NetHack Version 3.7.0-51 Work-in-progress - last build Mar 5 2022 15:52:53 (3e130be0c1ddd05abc82209e6fa801a07eef1cd3,branch:master). Game began 2022-03-05 21:33:50, ended 2022-03-06 02:42:41. Gandelf, neutral male human Monk ---- ----------..| |....%......| |.....-----.| |.....| |.-- |.....|----..| |.....|e@B.dd| ---.---------| |..--->---..| |.....).....| |...----..0.| |...| |....| ----- ------ Gandelf the Initiate St:17 Dx:16 Co:11 In:9 Wi:15 Ch:7 Neutral S:3879 Dlvl:5 $:333 HP:0(52) Pw:40(40) AC:-2 Xp:7/809 T:3768 Fainting Burdened Latest messages: The bat misses! The bat bites! The bat misses! The bat bites! The bat misses! The bat misses! The bat just misses! The bat misses! The bat bites! The bat bites! The bat misses! The bat misses! The bat bites! The bat just misses! The bat misses! The bat bites! The bat misses! The bat bites! The bat misses! The bat bites! The bat bites! The bat misses! The bat bites! The bat bites! The bat just misses! The bat misses! The bat misses! The bat bites! The bat misses! The bat misses! The bat misses! The bat bites! The bat bites! The bat bites! The bat misses! The bat misses! The bat bites! The bat misses! The bat bites! The bat misses! The bat misses! The bat bites! The bat bites! The bat misses! The bat bites! The bat bites! The bat misses! The bat bites! You die... Do you want your possessions identified? [ynq] (y) q Major events: Turn 1: Gandelf the neutral male human Monk entered the dungeon 679: entered the Gnomish Mines 714: attained the rank of Novice (level 3) 1147: reached Mine Town 1404: attained the rank of Initiate (level 6) 2972: entered Sokoban 3485: completed sokoban 1 3768: killed by a bat, while frozen by a floating eye's gaze Inventory: Coins $ - 333 gold pieces Armor Q - an uncursed +0 dwarvish iron helm (being worn) a - an uncursed +2 pair of leather gloves (being worn) G - an uncursed +0 pair of iron shoes (being worn) R - an uncursed +0 dwarvish roundshield (being worn) D - a cursed -1 mummy wrapping b - an uncursed +1 robe (being worn) Comestibles I - an uncursed slime mold y - an uncursed partly eaten slime mold g - 5 uncursed apples q - 2 uncursed cloves of garlic f - 4 uncursed food rations E - 3 uncursed food rations i - 5 uncursed fortune cookies K - an uncursed fortune cookie h - 5 uncursed oranges Z - an uncursed tripe ration T - 2 uncursed eggs Scrolls H - 3 uncursed scrolls of blank paper u - a blessed scroll of confuse monster W - 2 uncursed scrolls of earth C - an uncursed scroll of enchant armor P - a blessed scroll of enchant weapon k - an uncursed scroll of identify m - an uncursed scroll of identify L - an uncursed scroll of remove curse d - an uncursed scroll of taming Spellbooks M - an uncursed spellbook of blank paper v - an uncursed spellbook of cure blindness c - a blessed spellbook of healing n - an uncursed spellbook of healing Potions V - an uncursed potion of levitation F - a blessed potion of speed e - 4 potions of holy water s - an uncursed potion of water Rings U - an uncursed ring of polymorph Wands l - a wand of fire (0:4) X - a wand of make invisible (0:8) S - a wand of teleportation (0:5) Tools N - a magic marker (0:83) j - a magic marker (0:52) Gems/Stones J - an uncursed worthless piece of yellowish brown glass Gandelf the Monk's attributes: Background: You were an Initiate, a level 7 male human Monk. You were neutral, on a mission for Chih Sung-tzu who was opposed by Shan Lai Ching (lawful) and Huan Ti (chaotic). You were in Sokoban, on level 5. You entered the dungeon 3768 turns ago. It was nighttime. You had 809 experience points, 471 more were needed to attain level 8. Your score was 3879 before end-of-game adjustments. Basics: You had 0 out of 52 hit points. You had all 40 energy points (spell power). Your armor class was -2. Your wallet contained 333 zorkmids. Autopickup was off. Final Characteristics: Your strength was 17 (base:18, limit:18/100). Your dexterity was 16 (limit:18). Your constitution was 11 (limit:18). Your intelligence was 9 (limit:18). Your wisdom was 15 (limit:18). Your charisma was 7 (limit:18). Final Status: You were fainting due to starvation. You were burdened; movement was slightly slowed. You were empty handed. You had basic skill with martial arts and could have enhanced that. Final Attributes: You were piously aligned. You were sleep resistant. You were poison resistant. You saw invisible. You were warned. You were stealthy. You were guarded. You were fast. You are dead. Miscellaneous: You never encountered a bones level. Total elapsed playing time was 25 minutes and 50 seconds. Vanquished creatures: a quivering blob 5 wolves a dog a gnome mummy a wood nymph 2 rock piercers a fog cloud a violet fungus 8 gnome leaders a gnomish wizard a paper golem 10 dwarves a homunculus a rothe a werejackal 2 hobbits 2 manes 3 hobgoblins a giant rat a brown mold 23 gnomes a gnome zombie 3 geckos 2 jackals 2 foxes 2 kobolds 3 sewer rats a grid bug a bat 2 lichens 5 newts 90 creatures vanquished. No species were genocided or became extinct. Voluntary challenges: You followed a strict vegan diet. You never hit with a wielded weapon. You read items or engraved 2 times. You never engraved Elbereth. You never genocided any monsters. You never polymorphed an object. You never changed form. You used no wishes. You did not violate any of the special Sokoban rules. Achievements: You entered the Gnomish Mines. You attained the rank of Novice. You entered Minetown. You entered a temple. You attained the rank of Initiate. You entered a shop. You entered Sokoban. The Dungeons of Doom: levels 1 to 6 Level 1: Some altars, a fountain, a sink. Level 2: A fountain. Stairs down to The Gnomish Mines. Level 3: A fountain. Level 4: Level 5: Many fountains. Level 6: Stairs up to Sokoban, level 5. The Gnomish Mines: levels 3 to 7 Level 3: Level 4: Level 5: Level 6: Many shops, a temple to Chih Sung-tzu, some fountains, some trees. Level 7: Sokoban: Level 5: <- You were here. Solved. Final resting place for you, killed by a bat, while frozen by a floating eye's gaze. Game over: ---------- / \ / REST \ / IN \ / PEACE \ / \ | Gandelf | | 333 Au | | killed by a bat | | | | | | | | 2022 | *| * * * | * _________)/\\_//(\/(/\)/\//\/|_)_______ Goodbye Gandelf the Monk... You died in Sokoban on dungeon level 5 with 3846 points, and 333 pieces of gold, after 3768 moves. You were level 7 with a maximum of 52 hit points when you died.